 Dungeon Crawl Stone Soup version 0.30-a0-726-gd89dcf765f (webtiles) character file.

Game seed: 5939128731331497016

256 hikkokomori the Ducker (level 6, 0/48 HPs)
             Began as a Merfolk Gladiator on Jan 29, 2023.
             Slain by Pikel
             ... wielding a +0 whip of electrocution
              (9 damage)
             ... on level 4 of the Dungeon.
             The game lasted 00:05:48 (3057 turns).

hikkokomori the Ducker (Merfolk Gladiator)          Turns: 3057, Time: 00:05:49

Health: 0/48       AC:  6    Str: 14    XL:     6   Next: 15%
Magic:  6/6        EV: 14    Int:  7    God:
Gold:   231        SH:  0    Dex: 18    Spells: 5/5 levels left

rFire   . . .      SeeInvis .    a - +0 long sword (chaos)
rCold   . . .      Faith    .    (no shield)
rNeg    + . .      Spirit   .    b - +0 leather armour
rPois   .          Reflect  .    c - +0 helmet
rElec   .          Harm     .    r - +0 cloak
rCorr   .          Rampage  .    o - +0 pair of gloves
Will    .....                    (no boots)
Stlth   ++                       (no amulet)
HPRegen 0.28/turn                g - ring of positive energy
MPRegen 0.10/turn                (no ring)

@: no status effects
A: (nimble swimmer 2), mertail
a: no special abilities


You were on level 4 of the Dungeon.
You visited 1 branch of the dungeon, and saw 4 of its levels.

You collected 231 gold pieces.

Inventory:

Hand Weapons
 a - a +0 long sword of chaos (weapon)
Missiles
 e - a javelin (quivered)
 i - 3 datura-tipped darts
 t - 5 silver boomerangs
Armour
 b - a +0 leather armour (worn)
 c - a +0 helmet (worn)
 o - a +0 pair of gloves (worn)
 r - a +0 cloak (worn)
Jewellery
 g - a ring of positive energy (left hand)
Scrolls
 k - 2 scrolls of enchant weapon
 m - 5 scrolls of magic mapping
 s - 2 scrolls of blinking
Potions
 h - 3 potions of heal wounds
 p - 5 potions of attraction
 v - a potion of might
 w - a potion of curing


   Skills:
 + Level 4.3 Fighting
 + Level 5.4 Long Blades
 - Level 2.0 Throwing
 - Level 5.6 Dodging
 + Level 1.6 Stealth


You had 5 spell levels left.
You didn't know any spells.
Your spell library contained the following spells:

 Spells                   Type           Power      Damage    Failure   Level
 Sting                    Tmut/Pois      0%         1d3       52%         1
 Cigotuvi's Dreadful Rot  Necr/Pois/Air  0%         N/A       65%         2
 Poisonous Vapours        Pois/Air       0%         N/A       65%         2
 Mephitic Cloud           Conj/Pois/Air  0%         N/A       87%         3
 Olgreb's Toxic Radiance  Pois           0%         N/A       99%         4


Dungeon Overview and Level Annotations

Branches:
Dungeon (4/15)
 Temple: D:4-7

Altars:
Hepliaklqana

Annotations:
D:4 Pikel


Innate Abilities, Weirdness & Mutations

((You are very nimble when in or above water. (Stealth+, EV+, Speed+++)))
Your lower body shifts to a powerful aquatic tail in water.


Message History

The lemure is burned by acid!
Your jackal barely misses Pikel.
Your jackal closely misses the lemure.
The lemure hits your jelly.
The lemure is burned by acid!
Your jackal barely misses Pikel.
Your jelly hits the lemure but does no damage.
Your jackal closely misses the lemure.
Your jackal closely misses Pikel.
The lemure hits your jelly!
The lemure is burned by acid!
Pikel hits your jelly with a +0 whip of electrocution!
Your jelly dies!
Your jelly dissolves into shadows!
Your jackal bites Pikel but does no damage.
Your jackal barely misses Pikel.
The lemure hits your jackal.
Your jackal dies!
Your jackal's corpse dissolves into shadows!
Pikel misses your jackal.
Your jackal bites Pikel.
Your jackal closely misses Pikel.
Pikel barely misses your jackal. The lemure hits your jackal.
Your jackal bites Pikel but does no damage.
Your jackal barely misses Pikel. x2
Your jackal bites Pikel but does no damage.
Pikel barely misses your jackal. The lemure misses your jackal.
You closely miss Pikel.
Pikel is severely wounded.
Pikel looks more healthy.
Your jackal bites Pikel but does no damage.
Your jackal barely misses Pikel.
The lemure barely misses you. The lemure hits your jackal!
Your jackal dies!
Your jackal's corpse dissolves into shadows!
Pikel misses you.
You barely miss Pikel.
Pikel is almost dead.
Your jackal barely misses Pikel.
Your jackal misses Pikel. The lemure misses you. Pikel barely misses you.
You barely miss Pikel.
Pikel is almost dead.
Your jackal closely misses Pikel.
The lemure hits you but does no damage. The lemure misses you.
Pikel hits you with a +0 whip of electrocution!
You die...

.####'###........,,*#...#######'#
.##.....#.........,*........#....
....ยง...#..........*........'....
.###'####..........####+##..#....
.#.(.5...................##'####+
.#..(....####....................
.#......K'..#....................
##......K#..#######..............
.........#..#..5@.#..............
.........#..##.K5<#..............
.........#..##..h.#......########
.........#........'......#,,,+...
##.......#..##....#......#,,,#...
.#.......#'###....#......#,,*#...
.#...........#....#......#,,*#...
.#...........#....#......#####...
.#...........######..........#...


You could see Pikel (strong, ally target), 2 lemures and a friendly jackal
(summoned).

Vanquished Creatures
  2 lemures
  2 orc priests (D:3)
  Jessica (D:2)
  2 orc wizards (D:4)
  6 adders
  3 dart slugs
  6 orcs
  2 bats (D:1)
  3 endoplasms
  3 giant cockroaches
  5 goblins
  4 hobgoblins
  2 jackals (D:3)
  5 quokkas
  5 ball pythons
  A frilled lizard (D:2)
  7 kobolds
  5 rats
64 creatures vanquished.

Vanquished Creatures (others)
  An orc (D:3)
  A plant (D:2)
2 creatures vanquished.

Grand Total: 66 creatures vanquished

Notes
Turn   | Place    | Note
-------+----------+-------------------------------------------
     0 | D:1      | hikkokomori the Merfolk Gladiator began the quest for the
                  | Orb.
     0 | D:1      | Reached XP level 1. HP: 16/16 MP: 1/1
   166 | D:1      | Reached XP level 2. HP: 21/23 MP: 2/2
   732 | D:1      | Reached XP level 3. HP: 27/28 MP: 3/3
   920 | D:2      | Found a faded altar of an unknown god.
  1120 | D:2      | Noticed Jessica
  1127 | D:2      | Killed Jessica
  1128 | D:2      | Reached skill level 5 in Dodging
  1128 | D:2      | Reached XP level 4. HP: 28/35 MP: 4/4
  1642 | D:3      | Reached XP level 5. HP: 38/41 MP: 5/5
  1671 | D:3      | Found a hazy altar of Hepliaklqana.
  1768 | D:3      | Reached skill level 5 in Long Blades
  2455 | D:4      | Reached skill level 1 in Stealth
  2468 | D:4      | Reached XP level 6. HP: 41/48 MP: 6/6
  2763 | D:4      | Noticed Pikel
  3057 | D:4      | Slain by Pikel

Illustrated notes

Levels and vault maps discovered:
D:1:      eino_arrival_cavern_e, layout_loops_ring, minmay_tree_intersection
D:2:      layout_loops_ring, dreamdust_ecumenical_altar_grove, st_stairs_14,
          feat_on_display, uniq_jessica
D:3:      layout_basic, nicolae_overflow_crystal_walls
D:4:      layout_gridville, uniq_pikel

Skill      XL: |  1  2  3  4  5 |
---------------+----------------+-----
Long Blades    | 4 5 |  5.4
Fighting       | 3 4 |  4.3
Dodging        | 5 |  5.6
Stealth        | 1 |  1.6
Throwing       | |  2.0

Action                     |  1- 3 |  4- 6 || total
---------------------------+-------+-------++-------
  Melee: Long sword        |    72 |   165 ||   237
         Punch             |       |     6 ||     6
  Throw: Dart              |       |     3 ||     3
         Throwing net      |       |     3 ||     3
    Use: Potion            |       |     2 ||     2
         Scroll            |       |    13 ||    13
   Stab: Sleeping          |     3 |     1 ||     4
         Held in net/web   |       |     2 ||     2
 Armour: Leather armour    |    10 |    57 ||    67
  Dodge: Dodged            |    55 |   150 ||   205

Table legend: (Time is in decaauts)
 A = Elapsed time spent in this place.
 B = Non-inter-level travel time spent in this place.
 C = Inter-level travel time spent in this place.
 D = Time resting spent in this place.
 E = Time spent auto-exploring this place.
 F = Levels seen in this place.
 G = Mean time per level.
                   A        B        C        D        E       F      G
               +--------+--------+--------+--------+--------+-----+--------+
         Total |   3094 |   2927 |    167 |    184 |   2112 |   4 |  773.5 |
       Dungeon |   3094 |   2927 |    167 |    184 |   2112 |   4 |  773.5 |
               +--------+--------+--------+--------+--------+-----+--------+

Top non-repeatable levels by time:
     D:3: 957 daAuts
     D:1: 749 daAuts
     D:4: 737 daAuts
     D:2: 650 daAuts
